 Dungeon Crawl Stone Soup version 0.18-a0-1041-gbe91bf5 (webtiles) character file.

142 wvc the Magician (level 5, 0/39 HPs)
             Began as a Mummy Wizard on Dec 28, 2015.
             Killed from afar by an orc wizard (15 damage)
             ... with a puff of flame
             ... on level 3 of the Dungeon on Jan 11, 2016.
             The game lasted 00:15:18 (19671 turns).

wvc the Magician (Mummy Wizard)                    Turns: 19671, Time: 00:15:19

Health: 0/39       AC:  8    Str: 11    XL:     5   Next: 4%
Magic:  5/9        EV: 12    Int: 18    God:
Gold:   144        SH:  0    Dex: 10    Spells: 3 memorised, 5 levels left

rFire  x . .     SeeInvis .     g - +0 dagger (protect)
rCold  + . .     Gourm    .     a - +0 robe
rNeg   + + +     Faith    .     (no shield)
rPois  ∞         Spirit   .     b - +1 hat
rElec  .         Dismiss  .     (no cloak)
rCorr  .         Reflect  .     (no gloves)
SustAt .         Harm     .     (no boots)
MR     .....                    (no amulet)
Stlth  +.........               (no ring)
                                (no ring)

@: confused, not resistant to hostile enchantments, very unstealthy
A: no food or potions, fire vulnerability, cold resistance 1, negative energy
resistance 3, torment resistance, unbreathing
a: no special abilities


You were on level 3 of the Dungeon.
You were not hungry.

You visited 1 branch of the dungeon, and saw 3 of its levels.

You collected 144 gold pieces.

Inventory:

Hand Weapons
 d - a +0 club
 g - a +0 dagger of protection (weapon)
 l - a +0 short sword
Missiles
 i - 19 poisoned needles
Armour
 a - a +0 robe (worn)
 b - a +1 hat (worn)
 h - a +0 ring mail
Wands
 f - a wand of magic darts (19/48)
Scrolls
 e - a scroll of blinking
 j - a scroll of fear
 k - a scroll of identify {unknown}
 m - a scroll of enchant weapon {unknown}
Books
 c - a book of Minor Magic

   Spells                             Type                      Level
   a - Magic Dart                     Conjuration                  1
   b - Blink                          Translocation                2
   c - Call Imp                       Summoning                    2
   d - Repel Missiles                 Charms/Air                   2
   e - Slow                           Hexes                        2
   f - Conjure Flame                  Conjuration/Fire             3
   g - Mephitic Cloud                 Conjuration/Poison/Air       3


   Skills:
 - Level 2.3 Fighting
 * Level 2.1 Short Blades
 - Level 2.0 Armour
 - Level 1.5 Dodging
 - Level 1.5 Stealth
 - Level 3.0 Spellcasting
 - Level 0.7 Conjurations
 + Level 0.2 Charms
   Level 0.7 Summonings
 + Level 0.7 Translocations


You had 5 spell levels left.
You knew the following spells:

 Your Spells              Type           Power        Failure   Level  Hunger
a - Magic Dart            Conj           #...         14%         1    N/A
b - Blink                 Tloc           N/A          21%         2    N/A
c - Repel Missiles        Chrm/Air       #.....       28%         2    N/A

Dungeon Overview and Level Annotations

Branches:
Dungeon (3/15)

Altars:
Sif Muna
Vehumet


Innate Abilities, Weirdness & Mutations

You do not eat or drink.
Your flesh is vulnerable to fire.
You are immune to poison.
Your flesh is cold resistant.
You are immune to negative energy.
You are immune to unholy pain and torment.
You can survive without breathing.


Message History

A magic dart appears from out of thin air!
The magic dart hits you!
You closely miss something. Something hits you but does no damage.
You hit something.
You hear some strange, mumbled words.
A magic dart appears from out of thin air!
The magic dart hits you!
You barely miss something.
You hear some strange, mumbled words.
A puff of flame appears from out of thin air!
The puff of flame hits you! The fire burns you terribly!
You closely miss something.
You hear some strange, mumbled words.
You are confused.
You bump into the rock wall.
Something hits you but does no damage.
You bump into the rock wall.
You hear some strange, mumbled words.
A puff of flame appears from out of thin air!
The puff of flame hits you! The fire burns you terribly!
You die...

†....#†#
#...!....#........
...#.#.#
###......'<.....#.
...#.#.#
####...##.#####.
.#.#.#.#
#########.# ..
##...#.#
#.........# #.
#...#.#
#.........#
#...#.#
#.........#
#...#.#
#####.........#
#...#.#
#..@'.........#
#.#.#.#
#.###........##
#.#...# #.#
#........# ..#...#
#o# #........#
####...# #.#
########## #.#>#
#.# #.### #.# #.#
#{# #.# #.#


There were no monsters in sight!

Vanquished Creatures
  4 adders
  An ooze (D:2)
  2 worms
  2 giant geckos (D:1)
  4 orcs
  4 giant cockroaches
  13 hobgoblins
  13 kobolds
  2 quokkas (D:2)
  A ball python (D:3)
  11 bats
  2 giant newts
  9 goblins
  7 jackals
  A quokka skeleton (D:2)
  14 rats
90 creatures vanquished.

Notes
Turn   | Place    | Note
--------------------------------------------------------------
     0 | D:1      | wvc the Mummy Wizard began the quest for the Orb.
     0 | D:1      | Reached XP level 1. HP: 13/13 MP: 4/4
   191 | D:1      | Reached skill level 1 in Fighting
   323 | D:1      | Reached XP level 2. HP: 11/21 MP: 3/6
  1135 | D:1      | Reached XP level 3. HP: 26/28 MP: 0/7
  8871 | D:1      | Reached skill level 1 in Armour
 10050 | D:1      | Noticed a griffon
 10234 | D:2      | Learned a level 2 spell: Blink
 10237 | D:2      | Learned a level 2 spell: Repel Missiles
 10752 | D:2      | Reached skill level 1 in Short Blades
 10910 | D:2      | Reached XP level 4. HP: 25/34 MP: 0/8
 11203 | D:2      | Found a deep blue altar of Sif Muna.
 18725 | D:2      | Noticed a wyvern
 18764 | D:3      | Upgraded the game from 0.18-a0-943-g2c08dd4 to 0.18-a0-1027-g814d7dd
 18765 | D:3      | Upgraded the game from 0.18-a0-1027-g814d7dd to 0.18-a0-1041-gbe91bf5
 18946 | D:3      | Found a radiant altar of Vehumet.
 19621 | D:3      | Reached XP level 5. HP: 39/39 MP: 4/9
 19671 | D:3      | Killed from afar by an orc wizard

Vault maps used:
D:1:      nicolae_arrival_somewhat_less_tricky_arrival, kennysheep_another_room,
          minmay_close_crescents
D:2:      lemuel_round_altar
D:3:      vehumet_altar_wand_db

Action                   |  1- 3 |  4- 6 || total
-------------------------+-------+-------++-------
Melee: Dagger            |    78 |   158 ||   236
       Unarmed           |     5 |       ||     5
       Club              |     1 |       ||     1
 Cast: Magic Dart        |   106 |    68 ||   174
       Repel Missiles    |     1 |     1 ||     2
  Use: Scroll            |     6 |       ||     6
